 Dungeon Crawl Stone Soup version 0.19.0-20-gbc5f0c6 (webtiles) character file.

5082 Ladykiller69 the Grappler (level 10, -3/92 HPs)
             Began as a Troll Fighter on Nov 16, 2016.
             Was a Follower of Uskayaw.
             Slain by a scorpion (8 damage)
             ... on level 10 of the Dungeon.
             The game lasted 00:14:27 (7643 turns).

Ladykiller69 the Grappler (Troll Fighter)           Turns: 7643, Time: 00:14:27

Health: -3/92      AC:  9    Str: 26    XL:     10   Next: 31%
Magic:  6/9        EV: 11    Int:  4    God:    Uskayaw [*.....]
Gold:   337        SH: 11    Dex: 12    Spells: 0 memorised, 9 levels left

rFire  . . .     SeeInvis .       - Unarmed
rCold  . . .     Gourm    +     M - +0 steam dragon scales
rNeg   . . .     Faith    .     b - +0 shield
rPois  .         Spirit   .     (helmet restricted)
rElec  .         Reflect  .     y - +0 cloak (curse)
rCorr  .         Harm     .     (gloves unavailable)
MR     .....                    (boots unavailable)
Stlth  +.........               (no amulet)
                                (no ring)
                                (no ring)

@: no status effects
A: unfitting armour, claws 3, fast metabolism 3, gourmand, regeneration 1,
shaggy fur 1, tough skin 2
a: Stomp, Renounce Religion


You were on level 10 of the Dungeon.
You worshipped Uskayaw.
Uskayaw was noncommittal.
You were full.

You visited 2 branches of the dungeon, and saw 11 of its levels.

You collected 393 gold pieces.
You spent 56 gold pieces at shops.

Inventory:

Hand Weapons
 F - a +2 whip of electrocution
Missiles
 g - 256 stones
 C - 2 javelins (quivered)
 O - a throwing net
Armour
 a - a +0 robe
 b - a +0 shield (worn)
 y - a cursed +0 cloak (worn)
 H - a +2 robe of the Archmagi
 M - +0 steam dragon scales (worn)
Wands
 z - a wand of disintegration (19/24)
 E - a wand of digging (11/24)
 J - a wand of paralysis (7/24)
 N - a wand of enslavement (16/24)
 P - a wand of polymorph (9/24)
Scrolls
 e - a scroll of enchant weapon {unknown}
 f - 5 scrolls of enchant armour {unknown}
 h - 4 scrolls of fear {unknown}
 i - 10 scrolls of identify {unknown}
 m - a scroll of immolation {unknown}
 o - 4 scrolls of remove curse {unknown}
 p - 2 scrolls of magic mapping {unknown}
 r - 3 scrolls of recharging {unknown}
 u - a scroll of teleportation {unknown}
 w - 2 scrolls of noise {unknown}
 B - a scroll of vulnerability {unknown}
 Q - a scroll of blinking {unknown}
Potions
 c - 2 potions of might
 j - a potion of invisibility {unknown}
 l - a potion of haste {unknown}
 n - 2 potions of agility
 q - 4 potions of curing {unknown}
 s - a potion of magic {unknown}
 t - a potion of resistance
 v - a potion of degeneration {unknown}
 x - 2 potions of flight {unknown}
 G - a potion of brilliance {unknown}
 L - a potion of lignification {unknown}
Books
 K - a book of Alchemy

   Spells                             Type                      Level
   a - Sublimation of Blood           Necromancy                   2
   b - Ignite Poison                  Fire/Transmutation/Poison    3
   c - Petrify                        Transmutation/Earth          4
   d - Alistair's Intoxication        Transmutation/Poison         5
   e - Irradiate                      Conjuration/Transmutation    5
Comestibles
 d - 4 bread rations
 k - 13 fruits
 A - 11 royal jellies
 D - 2 beef jerkies
 I - a meat ration


   Skills:
 - Level 4.0 Fighting
 - Level 4.0 Dodging
 + Level 8.6 Shields
 + Level 10.6 Unarmed Combat


You had 9 spell levels left.
You didn't know any spells.

Dungeon Overview and Level Annotations

Branches:
Dungeon (10/15)            Temple (1/1) D:6
   Lair: D:8-11         Orc: D:9-12

Altars:
Ashenzari
Cheibriados
Dithmenos
Elyvilon
Fedhas
Gozag
Hepliaklqana
Kikubaaqudgha
Makhleb
Nemelex Xobeh
Okawaru
Qazlal
Ru
Sif Muna
Trog
Uskayaw
Vehumet
Xom
Yredelemnul
Zin
The Shining One

Shops:
D:9 !


Innate Abilities, Weirdness & Mutations

You are too large for most types of armour.
You have claws for hands.
Your metabolism is lightning-fast.
You like to eat raw meat.
Your natural rate of healing is unusually fast.
You are covered in fur. (AC +1)
You have very tough skin. (AC +2)


Message History

You barely miss the wyvern. You block the scorpion's attack.
You block the wyvern's attack.
You claw the wyvern!
The wyvern is heavily wounded.
The wyvern bites you!
* * * LOW HITPOINT WARNING * * *
You block the scorpion's attack.
You stomp with the beat, sending a shockwave through the revelers around you!
The wyvern is heavily wounded.
The scorpion is moderately wounded.
You feel somewhat less full.
You can no longer stomp with the beat.
The wyvern barely misses you. The scorpion closely misses you.
The wyvern bites you.
* * * LOW HITPOINT WARNING * * *
You can now stomp with the beat.
You claw the wyvern!
You kill the wyvern!
The scorpion stings you!
You die...

#. #.. #...
#....
#.....
#......
##.......
##<.......
#.@.......
#.s†.......
#.##.......
#. #......
#. $..... #
≈≈≈.≈§
##≈.≈# ≈.≈#


You could see a scorpion.

Vanquished Creatures
  Pikel (D:7)
  An ugly thing (D:9)
  A two-headed ogre (D:9)
  2 hippogriffs
  A wyvern (D:10)
  Eustachio (D:4)
  A steam dragon (D:7)
  A hungry ghost (D:8)
  A soldier ant (shapeshifter) (D:9)
  2 ice beasts
  A hornet zombie (D:9)
  3 sky beasts
  2 black bears
  3 phantoms
  2 ogres
  A centaur (D:5)
  3 bullfrogs (D:7)
  3 scorpions
  4 killer bees (D:9)
  4 crimson imps
  2 bullfrog zombies
  2 quasits
  3 hounds (D:6)
  4 jellies
  4 orc priests
  2 bullfrog skeletons
  A centaur skeleton (D:4)
  8 orc wizards
  3 hound skeletons
  A worker ant zombie (D:9)
  11 adders
  A shadow imp (D:4)
  6 oozes
  An adder skeleton (D:5)
  An adder zombie (D:5)
  3 worms
  3 dart slugs
  3 leopard geckos
  42 orcs
  2 ball pythons (D:4)
  11 bats
  4 giant cockroaches
  3 goblins
  7 hobgoblins
  8 jackals
  3 quokkas
  3 frilled lizards
  A jackal zombie (D:5)
  10 kobolds
  2 quokka skeletons
  7 rats
200 creatures vanquished.

Vanquished Creatures (others)
  A slave (D:7)
  An iguana (D:7)
  A quokka (D:7)
3 creatures vanquished.

Grand Total: 203 creatures vanquished

Notes
Turn   | Place    | Note
-------+----------+-------------------------------------------
     0 | D:1      | Ladykiller69 the Troll Fighter began the quest for the Orb.
     0 | D:1      | Reached XP level 1. HP: 22/22 MP: 0/0
   239 | D:1      | Reached XP level 2. HP: 29/29 MP: 1/1
   694 | D:1      | Reached XP level 3. HP: 35/36 MP: 2/2
   745 | D:2      | Found a sparkling altar of Nemelex Xobeh.
   914 | D:2      | Reached skill level 3 in Unarmed Combat
  1292 | D:2      | Found a hazy altar of Hepliaklqana.
  1523 | D:3      | Found a radiant altar of Vehumet.
  1544 | D:3      | Reached XP level 4. HP: 44/44 MP: 3/3
  1609 | D:3      | Noticed an earth elemental
  1610 | D:3      | Found a stormy altar of Qazlal.
  1611 | D:3      | Noticed a fire elemental
  1611 | D:3      | Noticed an air elemental
  1611 | D:3      | Noticed a water elemental
  1986 | D:3      | Found an opulent altar of Gozag.
  2299 | D:4      | Reached XP level 5. HP: 50/52 MP: 4/4
  2356 | D:4      | Noticed Eustachio
  2389 | D:4      | Killed Eustachio
  2389 | D:4      | Reached skill level 4 in Unarmed Combat
  2389 | D:4      | Reached XP level 6. HP: 43/61 MP: 5/5
  2752 | D:4      | Reached skill level 5 in Unarmed Combat
  3040 | D:5      | Entered Level 5 of the Dungeon
  3062 | D:5      | Reached XP level 7. HP: 62/67 MP: 6/6
  3273 | D:5      | Found a snail-covered altar of Cheibriados.
  3341 | D:5      | Found a sacrificial altar of Ru.
  3347 | D:5      | Found a blossoming altar of Fedhas.
  3627 | D:5      | Found a white marble altar of Elyvilon.
  3970 | D:6      | Reached skill level 6 in Unarmed Combat
  3995 | D:6      | Reached XP level 8. HP: 72/78 MP: 7/7
  4119 | D:6      | Reached skill level 5 in Shields
  4175 | D:6      | Reached skill level 7 in Unarmed Combat
  4428 | D:6      | Found a staircase to the Ecumenical Temple.
  4503 | Temple   | Entered the Ecumenical Temple
  4536 | Temple   | Became a worshipper of Uskayaw the Reveler
  4905 | D:7      | Noticed Pikel
  4909 | D:7      | Reached * piety under Uskayaw
  4911 | D:7      | Reached ** piety under Uskayaw
  4912 | D:7      | Killed Pikel
  4912 | D:7      | Reached skill level 8 in Unarmed Combat
  4960 | D:7      | Reached XP level 9. HP: 77/84 MP: 8/8
  5863 | D:8      | Reached *** piety under Uskayaw
  5936 | D:8      | Reached **** piety under Uskayaw
  6035 | D:8      | Reached skill level 9 in Unarmed Combat
  6114 | D:8      | Found a shimmering altar of Xom.
  6132 | D:8      | Found a burning altar of Makhleb.
  6853 | D:9      | Reached skill level 10 in Unarmed Combat
  6853 | D:9      | Reached XP level 10. HP: 78/92 MP: 9/9
  6997 | D:9      | Found Qaydeymp's Distillery.
  7023 | D:9      | Bought a potion of agility for 56 gold pieces
  7061 | D:9      | Noticed a white ugly thing
  7069 | D:9      | Killed a white ugly thing
  7601 | D:10     | Entered Level 10 of the Dungeon
  7641 | D:10     | HP: 4/92 [wyvern (11)]
  7643 | D:10     | Slain by a scorpion

Skill      XL: |  1  2  3  4  5  6  7  8  9 |
---------------+----------------------------+-----
Unarmed Combat | 3 4 5 6 8 10 | 10.6
Shields        | 3 4 6 8 |  8.6
Fighting       | 3 4 |  4.0
Dodging        | 3 4 |  4.0

Action                   |  1- 3 |  4- 6 |  7- 9 | 10-12 || total
-------------------------+-------+-------+-------+-------++-------
Melee: Unarmed           |   121 |   161 |   317 |    49 ||   648
Throw: Javelin           |       |       |     2 |       ||     2
Invok: Stomp             |       |       |     1 |     3 ||     4
 Stab: Sleeping          |       |       |     3 |       ||     3
       Distracted        |       |       |     1 |       ||     1
       Paralysed         |       |       |     4 |     1 ||     5
  Eat: Chunk             |    15 |    17 |    38 |     4 ||    74
Armor: Robe              |    36 |    36 |    40 |       ||   112
       Steam dragon scal |       |       |    37 |    13 ||    50
Dodge: Dodged            |    38 |    28 |    84 |    38 ||   188
Block: Shield            |    43 |    65 |   128 |    40 ||   276
